Map: Cyber Forest LE

Players

SoulSpirit

  • Race: Zerg Zerg
  • Spawn Location: 11:00

Namshar - Winner!

  • Race: Zerg Zerg
  • League: Grandmaster
  • Spawn Location: 5:00

Event: 2019 WCS Winter Europe

VOD

Have the link to the VOD?

Description

Time

  • Played on: Feb. 9, 2019, 12:07 p.m.
  • Length: 6:38

All games in this series

Show
View Real Time Build Order
Export as new Build Order

SoulSpirit Zerg 

Build Orders: 1 Base Baneling Bust, Pool First 

Get SALT Encoding   

  12  0:17  Spawning Pool  
  11  0:21  Drone  
  11  0:26  Drone  
  13  0:30  Drone  
  14  0:37  Extractor  
  13  0:49  Overlord  
  13  1:03  Zergling x2  
  14  1:07  Zergling x4  
  16  1:13  Queen  
  18  1:18  Zergling x2  
  19  1:27  Zergling x2  
  20  1:36  Metabolic Boost  
  20  1:39  Zergling x2  
  21  1:48  Zergling x2  
  22  1:57  Baneling Nest  
  22  2:00  Zergling x2  
  22  2:11  Overlord  
  22  2:30  Zergling x2  
  22  2:31  Zergling x4  
  25  2:41  Baneling x3  
  25  2:42  Zergling x2  
  25  2:44  Baneling  
  26  2:52  Zergling x2  
  26  3:07  Drone  
  26  3:12  Drone x2  
  29  3:17  Overlord  
  29  3:30  Drone  
  30  3:36  Drone  
  30  3:46  Hatchery  
  29  3:50  Drone  
  28  4:07  Drone x3  
  29  4:18  Drone  
  29  4:23  Drone x2  
  30  4:29  Drone  
  27  4:31  Queen  
  29  4:42  Drone  
  30  4:50  Overlord  
  29  4:57  Overlord  
  29  4:59  Drone  
  30  5:02  Drone x3  
  33  5:10  Drone x2  
  35  5:19  Zergling x2  
  35  5:20  Zergling x2  
  37  5:27  Queen  
  37  5:31  Zergling x6  
  37  5:32  Zergling x4  
  36  5:44  Drone  
  36  5:46  Drone  
  37  5:51  Baneling x2  
  37  5:53  Drone x2  
  39  6:02  Zergling x6  
  40  6:07  Baneling x2  
  39  6:16  Zergling x6  
Show
View Real Time Build Order
Export as new Build Order

Namshar Zerg - Winner!

Build Orders: Hatch First 

Get SALT Encoding   

  12  0:00  Drone  
  13  0:12  Overlord  
  13  0:16  Drone  
  14  0:30  Drone x2  
  16  0:47  Hatchery  
  15  0:51  Drone  
  15  0:54  Drone  
  17  1:08  Spawning Pool  
  17  1:11  Extractor  
  15  1:13  Drone  
  15  1:16  Drone  
  17  1:20  Drone  
  18  1:27  Drone  
  19  1:54  Zergling x2  
  19  1:55  Zergling x2  
  19  1:59  Queen x2, Zergling x2  
  19  2:00  Zergling x2  
  24  2:17  Spine Crawler  
  23  2:23  Baneling Nest  
  22  2:34  Overlord  
  22  2:40  Zergling x2  
  22  3:06  Baneling  
  22  3:07  Baneling x3  
  22  3:09  Drone x3  
  25  3:20  Zergling x4  
  27  3:40  Metabolic Boost  
  27  3:41  Hatchery  
  26  3:49  Drone x2  
  26  3:52  Drone  
  29  3:56  Baneling  
  29  3:59  Baneling  
  29  4:01  Zergling x2  
  27  4:25  Drone  
  27  4:27  Drone x2  
  27  4:30  Drone  
  29  4:46  Overlord  
  29  4:49  Overlord  
  28  4:57  Zergling x4  
  30  5:00  Baneling x2  
  30  5:04  Drone x5  
  35  5:07  Drone  
  36  5:14  Drone  
  36  5:15  Drone  
  37  5:28  Zergling x2  
  37  5:29  Zergling x10  
  37  5:34  Zergling x2  
  44  5:41  Zergling x4  
  45  5:48  Baneling  
  44  5:55  Overlord, Drone  
  45  5:59  Hatchery  
  45  6:01  Baneling  
  45  6:03  Baneling  
  43  6:07  Zergling x4  
  44  6:16  Zergling x12  
Tags
 
Add a new tag
Caveats
  • Supply blocks, unpowered buildings, or Contaminate may cause inaccurate times.
  • Supply counts are checked every 10 seconds.